 Dungeon Crawl Stone Soup version 0.25.0-11-g1f837a76a1 (console) character file.

Game seed: 719240645106181127

66 bli the Insei (level 3, -12/28 HPs)
             Began as a Draconian Transmuter on June 27, 2020.
             Engulfed by Ijyb's flame (19 damage)
             ... on level 3 of the Dungeon.
             The game lasted 00:05:45 (2172 turns).

bli the Insei (Draconian Transmuter)                Turns: 2172, Time: 00:05:46

Health: -12/28     AC:  5    Str: 12    XL:     3   Next: 96%
Magic:  3/6        EV: 12    Int: 13    God:
Gold:   119        SH:  0    Dex: 12    Spells: 3/6 levels left

rFire    . . .     SeeInvis .     - Unarmed
rCold    . . .     Gourm    .   (no shield)
rNeg     . . .     Faith    .   (armour unavailable)
rPois    .         Spirit   .   (helmet restricted)
rElec    .         Reflect  .   (no cloak)
rCorr    .         Harm     .   (no gloves)
MR       .....                  (boots currently unavailable)
Stlth    +.........             (no amulet)
HPRegen  0.09/turn              (no ring)
MPRegen  0.10/turn              (no ring)

@: lethally poisoned (-12 -> -27), appendage (expiring)
A: unfitting armour, talons 3, cold-blooded, AC +5
a: End Transformation


You were on level 3 of the Dungeon.
You were not hungry.
You had grown temporary talons.
You visited 1 branch of the dungeon, and saw 3 of its levels.

You collected 119 gold pieces.

Inventory:

Missiles
 a - 43 arrows
 o - 18 stones (quivered)
Armour
 l - a +3 kite shield
Jewellery
 b - a cursed ring of teleportation {unknown}
Scrolls
 d - a scroll of remove curse
 e - 3 scrolls of teleportation {unknown}
 f - a scroll of noise {unknown}
 g - 2 scrolls of magic mapping {unknown}
 h - a scroll of identify {unknown}
 i - a scroll of random uselessness {unknown}
 k - a scroll of enchant armour
 r - a scroll of enchant weapon {unknown}
 s - a scroll of fear {unknown}
Potions
 j - a potion of resistance {unknown}
 m - 2 potions of curing {unknown}
 n - a potion of cancellation {unknown}
 p - a potion of haste {unknown}
 q - a potion of heal wounds {unknown}
 t - a potion of invisibility {unknown}
Comestibles
 c - 5 rations
 u - 11 chunks of flesh


   Skills:
 + Level 1.2 Fighting
 + Level 2.1 Dodging
 * Level 4.4 Unarmed Combat
 - Level 2.0 Spellcasting
 + Level 2.3 Transmutations


You had 3 spell levels left.
You knew the following spells:

 Your Spells              Type           Power        Failure   Level  Hunger
a - Beastly Appendage     Tmut           #.....       10%         1    ##.....
b - Sticks to Snakes      Tmut           #.......     16%         2    ###....

Your spell library contained the following spells:

 Spells                   Type           Power        Failure   Level  Hunger
 Spider Form              Tmut/Pois      #.........   43%         3    ####...
 Ice Form                 Ice/Tmut       #.......     85%         4    #####..
 Blade Hands              Tmut           #.........   95%         5    ######.


Dungeon Overview and Level Annotations

Branches:
Dungeon (3/15)

Altars:
Ashenzari
Dithmenos
Kikubaaqudgha
Trog

Annotations:
D:3 Ijyb


Innate Abilities, Weirdness & Mutations

Your plain brown scales are hard. (AC +5)
You cannot fit into any form of body armour.
You are cold-blooded and may be slowed by cold attacks.
You have claws for feet.


Message History

The adder bites your ball python.
Your ball python is poisoned.
The adder poisons your ball python!
Your ball python is engulfed in blazing flames.
Your ball python dies!
Found a scroll of remove curse.
You hit Ijyb. You claw Ijyb, but do no damage.
Ijyb is lightly wounded.
You are engulfed in blazing flames.
Ouch! That really hurt!
* * * LOW HITPOINT WARNING * * *
Your transformation is almost over.
* * * LOW HITPOINT WARNING * * *
You feel sick. Ijyb barely misses you.
As you read the scroll labeled YNEACKEBAU, it crumbles to dust.
It is a scroll of enchant armour.
Your +2 kite shield glows green for a moment.
You are engulfed in blazing flames.
Ouch! That really hurt!
You die...

#####..÷........
#.....#...#
###...##.....
#####..........#
........#..#####
...............#
........§§§..#.
.....####§##.#
..... #§# .#
....# ##§# #
.... #@g# ###
#§#o# §§Sg..
§§.S...#
§§§..>...?
.#.......#..
#..........#.
..#.......##


You could see Ijyb, 2 adders and an orc.

Vanquished Creatures
  An adder (D:2)
  An ooze (D:1)
  A worm (D:2)
  3 giant cockroaches
  8 goblins
  5 hobgoblins
  6 jackals
  7 bats
  2 frilled lizards (D:2)
  4 kobolds
  9 rats
47 creatures vanquished.

Notes
Turn   | Place    | Note
-------+----------+-------------------------------------------
     0 | D:1      | bli the Draconian Transmuter began the quest for the Orb.
     0 | D:1      | Reached XP level 1. HP: 16/16 MP: 3/3
   209 | D:1      | Reached XP level 2. HP: 22/23 MP: 3/5
   257 | D:1      | Learned a level 2 spell: Sticks to Snakes
  1108 | D:2      | Reached skill level 4 in Unarmed Combat
  1131 | D:2      | Found a shadowy altar of Dithmenos.
  1131 | D:2      | Found a bloodstained altar of Trog.
  1133 | D:2      | Found a shattered altar of Ashenzari.
  1183 | D:2      | Reached XP level 3. HP: 28/28 MP: 6/6
  1291 | D:2      | Found an ancient bone altar of Kikubaaqudgha.
  2161 | D:3      | Noticed Ijyb
  2172 | D:3      | Engulfed by Ijyb's flame

Illustrated notes

Levels and vault maps discovered:
D:1:      kennysheep_arrival_forest, layout_loops_ring,
          hangedman_decor_diamond_cutter
D:2:      layout_loops_ring, lemuel_crystal_altar, grunt_temple_overflow_open
D:3:      layout_rooms, serial_bayou_pond_e, st_stairs_4, uniq_grinder,
          uniq_ijyb

Skill      XL: |  1  2 |
---------------+-------+-----
Dodging        | 2 |  2.1
Unarmed Combat | 4 |  4.4
Fighting       | |  1.2
Spellcasting   | |  2.0
Transmutations | |  2.3

Action                   || total
-------------------------++-------
Melee: Unarmed           ||   192
       Headbutt          ||     9
       Tailslap          ||    10
       Kick              ||    14
       Punch             ||     2
 Cast: Beastly Appendage ||    26
       Sticks to Snakes  ||     1
  Use: Scroll            ||     2
  Eat: Chunk             ||     5
Armor: Skin              ||    54
Dodge: Dodged            ||   136
